Map: Abiogenesis LE

Players

fortes - Winner!

  • Race: Zerg Zerg
  • League: Silver
  • Spawn Location: 5:00

Leiferon

  • Race: Terran Terran
  • Spawn Location: 11:00

VOD

Have the link to the VOD?

Description

Time

  • Played on: Oct. 19, 2018, 2:18 p.m.
  • Length: 9:28
Show
View Real Time Build Order
Export as new Build Order

fortes Zerg - Winner!

Build Orders: Pool First 

Get SALT Encoding   

  12  0:01  Drone  
  13  0:13  Overlord  
  13  0:24  Drone  
  14  0:32  Drone x2  
  16  0:43  Spawning Pool  
  16  0:46  Drone  
  16  0:50  Drone  
  17  0:58  Drone  
  18  1:17  Hatchery  
  18  1:18  Drone  
  18  1:24  Drone  
  19  1:30  Extractor  
  19  1:31  Drone  
  19  1:41  Queen  
  19  1:46  Drone  
  22  1:56  Overlord  
  22  2:19  Evolution Chamber  
  21  2:33  Spine Crawler  
  21  2:34  Drone  
  21  2:37  Drone x3  
  21  2:42  Queen  
  26  2:47  Lair  
  26  2:55  Extractor  
  26  2:56  Drone x2  
  26  2:57  Drone  
  28  3:09  Drone x2  
  30  3:15  Metabolic Boost  
  30  3:17  Drone x4  
  30  3:18  Drone  
  35  3:28  Spine Crawler  
  33  3:36  Drone x3  
  36  3:44  Overlord x2  
  36  3:58  Roach Warren  
  36  4:00  Drone  
  36  4:02  Queen  
  38  4:16  Drone x9  
  47  4:21  Spine Crawler  
  46  4:31  Drone x2  
  47  4:34  Zerg Ground Armor Level 1  
  47  4:45  Drone x4  
  50  4:46  Drone  
  50  4:47  Overlord x2  
  52  5:02  Glial Reconstitution  
  52  5:09  Roach x5  
  62  5:31  Spine Crawler  
  62  5:35  Overlord  
  61  5:36  Overlord  
  61  5:43  Spine Crawler  
  61  5:47  Spine Crawler  
  59  5:50  Overlord  
  59  6:03  Roach x8  
  75  6:16  Roach x4  
  83  6:18  Overlord  
  83  6:26  Extractor  
  83  6:27  Roach  
  84  6:44  Overlord, Roach x4  
  84  6:45  Overlord x2  
  92  6:57  Overlord  
  92  6:58  Overlord  
  92  7:06  Roach x7  
  106  7:14  Extractor  
  105  7:21  Roach  
  105  7:22  Roach  
  109  7:44  Roach x7  
  123  7:47  Hatchery  
  122  7:54  Roach x5  
  98  8:13  Roach x2  
  100  8:22  Roach x5  
  110  8:36  Roach x3  
  110  8:57  Roach x4  
  110  9:01  Roach  
  116  9:12  Drone x2  
Show
View Real Time Build Order
Export as new Build Order

Leiferon Terran 

Build Orders:  

Get SALT Encoding   

  12  0:01  SCV  
  13  0:13  SCV  
  14  0:18  Supply Depot  
  14  0:25  SCV  
  15  0:40  SCV  
  15  0:42  Barracks  
  16  0:50  Refinery  
  16  0:52  SCV  
  18  1:04  SCV  
  18  1:16  SCV  
  19  1:29  Orbital Command  
  19  1:31  Supply Depot  
  19  1:34  Reaper  
  20  1:40  Barracks  
  20  2:01  SCV  
  21  2:06  Reaper  
  22  2:18  SCV, Command Center  
  23  2:27  Refinery  
  23  2:29  Barracks Tech Lab  
  23  2:30  SCV  
  24  2:37  Barracks  
  24  2:38  Marine  
  25  2:48  SCV, Factory  
  26  2:55  Marine  
  26  2:56  Marine  
  28  3:01  Supply Depot  
  28  3:04  Supply Depot  
  29  3:05  SCV  
  29  3:13  Marine  
  30  3:36  Barracks Reactor  
  30  3:41  Factory Reactor  
  30  3:43  Barracks Reactor  
  30  3:49  SCV  
  31  3:59  Marine  
  31  4:01  SCV  
  33  4:06  Factory  
  33  4:13  SCV  
  33  4:16  Marine  
  33  4:34  Marine  
  33  4:35  SCV x2  
  36  4:40  Hellion x2  
  36  4:42  Marine x4  
  44  4:47  Starport, SCV  
  44  4:50  SCV  
  44  4:52  Marine  
  47  4:59  SCV, Marine  
  48  5:00  Refinery, Supply Depot  
  48  5:01  Supply Depot  
  48  5:02  Marine x2  
  48  5:03  Supply Depot  
  48  5:04  Factory Tech Lab  
  51  5:26  Marine  
  51  5:27  Marine x2  
  51  5:28  SCV x2  
  56  5:40  Engineering Bay, SCV x2, Infernal Pre-Igniter  
  58  5:52  SCV  
  58  5:56  SCV  
  60  6:04  SCV  
  60  6:08  SCV  
  58  6:20  Siege Tank  
  58  6:21  Marine x4  
  58  6:23  SCV x2  
  58  6:24  Starport Tech Lab  
  67  6:35  SCV x2  
  69  6:40  Terran Infantry Weapons Level 1  
  69  6:42  Marauder, Marine x4  
  69  6:43  Bunker  
  76  6:47  SCV  
  76  6:51  SCV  
  77  6:55  Refinery  
  77  6:56  Siege Tank  
  77  6:58  Hellion x2  
  77  7:00  SCV  
  85  7:03  SCV  
  85  7:07  Supply Depot x2  
  86  7:28  SCV, Medivac  
  89  7:31  Supply Depot  
  89  7:45  Starport  
  89  7:55  Command Center  
  89  7:58  Medivac  
  78  8:10  Siege Tank  
  78  8:11  Marine  
  78  8:12  Marauder, Marine x3  
  61  8:26  Starport Reactor  
  61  8:28  Banshee  
  61  8:29  SCV, Marine  
  61  8:33  Marauder  
  56  8:41  SCV  
  56  8:42  Siege Tank  
  56  8:46  Marine x3  
  57  9:02  Marine  
  53  9:04  Marine  
Tags
 
League
Silver
Matchup
TvZ
Opening
Pool First
Spawn Locations
Cross Positions
Add a new tag
Caveats
  • Supply blocks, unpowered buildings, or Contaminate may cause inaccurate times.
  • Supply counts are checked every 10 seconds.